 Dungeon Crawl Stone Soup version 0.20.1-1-g8b1a95d66d (webtiles) character file.

41 Hvezdomuz the Charmwright (level 3, -6/29 HPs)
             Began as a Centaur Skald on Dec 3, 2017.
             Mangled by a gnoll
             ... wielding a +0 spear
              (10 damage)
             ... on level 2 of the Dungeon.
             The game lasted 00:07:38 (1046 turns).

Hvezdomuz the Charmwright (Centaur Skald)           Turns: 1046, Time: 00:07:38

Health: -6/29      AC:  4    Str: 13    XL:     3   Next: 32%
Magic:  5/5        EV:  9    Int: 13    God:
Gold:   29         SH:  0    Dex:  8    Spells: 0/5 levels left

rFire    . . .     SeeInvis .   a - +0 mace
rCold    . . .     Gourm    .   (no shield)
rNeg     . . .     Faith    .   b - +0 leather armour
rPois    .         Spirit   .   (no helmet)
rElec    .         Reflect  .   (no cloak)
rCorr    .         Harm     .   (no gloves)
MR       .....                  (no barding)
Stlth    ..........             (no amulet)
Regen    0.1/turn               (no ring)
MPRegen  0.1/turn               (no ring)

@: lethally poisoned (-6 -> -12), infused, singing, very quick
A: hooves 3, deformed body, speed 2, tough skin 3
a: no special abilities


You were on level 2 of the Dungeon.
You were not hungry.

You visited 1 branch of the dungeon, and saw 2 of its levels.

You collected 29 gold pieces.

Inventory:

Hand Weapons
 a - a +0 mace (weapon)
Missiles
 e - 17 arrows
 k - 5 needles of confusion (quivered)
Armour
 b - a +0 leather armour (worn)
Jewellery
 l - an uncursed ring of see invisible {unknown}
Scrolls
 g - 2 scrolls of amnesia {unknown}
 h - a scroll of magic mapping {unknown}
 i - a scroll of enchant armour {unknown}
Potions
 f - a potion of brilliance {unknown}
Books
 c - a book of Battle

   Spells                             Type                      Level
   a - Infusion                       Charms                       1
   b - Shroud of Golubria             Charms/Translocation         2
   c - Song of Slaying                Charms                       2
   d - Spectral Weapon                Hexes/Charms                 3
   e - Regeneration                   Charms/Necromancy            3
Comestibles
 d - a bread ration
 j - a meat ration


   Skills:
 + Level 2.2 Fighting
 + Level 2.6 Maces & Flails
 + Level 0.8 Armour
 + Level 1.6 Dodging
 + Level 1.8 Spellcasting
 + Level 2.8 Charms


You couldn't memorise any spells.
You knew the following spells:

 Your Spells              Type           Power        Failure   Level  Hunger
a - Infusion              Chrm           #...         11%         1    ##.....
b - Shroud of Golubria    Chrm/Tloc      #.........   28%         2    ###....
c - Song of Slaying       Chrm           #.......     16%         2    ###....


Dungeon Overview and Level Annotations

Branches:
Dungeon (2/15)

Altars:


Innate Abilities, Weirdness & Mutations

You have hooves in place of feet.
Armour fits poorly on your strangely shaped body.
You cover ground very quickly.
You have extremely tough skin. (AC +3)


Message History

The adder bites you but does no damage.
You barely miss the adder.
The adder is lightly wounded.
You feel sick. The gnoll barely misses you.
The adder bites you but does no damage. The gnoll barely misses you.
The adder barely misses you.
You barely miss the adder. You kick the adder.
The adder is heavily wounded.
You feel sick.
The gnoll hits you from afar with a spear.
* * * LOW HITPOINT WARNING * * *
The gnoll hits you with a halberd.
* * * LOW HITPOINT WARNING * * *
The adder bites you.
* * * LOW HITPOINT WARNING * * *
The gnoll hits you but does no damage. The gnoll completely misses you.
It was a potion of magic.
Magic courses through your body. The adder completely misses you.
The gnoll hits you from afar with a spear!
You die...

...#.
..... #.#.
###...###
.......#
#..#.#####
#.......#
#.S####.#
#.@# #<#
#.g# ###
##g#


#gg ... ...# .... ..... You could see 4 gnolls and an adder.

Vanquished Creatures
  A gnoll (D:1)
  A dart slug (D:1)
  A giant cockroach (D:1)
  3 goblins (D:1)
  4 hobgoblins (D:1)
  4 jackals (D:1)
  3 bats (D:1)
  A frilled lizard (D:1)
  5 kobolds (D:1)
  5 rats (D:1)
28 creatures vanquished.

Notes
Turn   | Place    | Note
-------+----------+-------------------------------------------
     0 | D:1      | Hvezdomuz the Centaur Skald began the quest for the Orb.
     0 | D:1      | Reached XP level 1. HP: 17/17 MP: 3/3
    84 | D:1      | Reached XP level 2. HP: 15/24 MP: 0/4
    92 | D:1      | Learned a level 2 spell: Shroud of Golubria
   616 | D:1      | Reached XP level 3. HP: 29/29 MP: 2/5
   624 | D:1      | Learned a level 2 spell: Song of Slaying
  1046 | D:2      | Mangled by a gnoll

Skill      XL: |  1 |
---------------+----+-----
Maces & Flails | 2 |  2.6
Fighting       | |  2.2
Armour         | |  0.8
Dodging        | |  1.6
Spellcasting   | |  1.8
Charms         | |  2.8

Action                   || total
-------------------------++-------
Melee: Mace              ||    75
       Kick              ||    12
 Cast: Infusion          ||    13
       Song of Slaying   ||     1
  Use: Potion            ||     1
Armor: Leather armour    ||    36
Dodge: Dodged            ||    57
